[Event "*** Titled Tuesday Blitz"]
[Site "Chess.com"]
[Date "2021.02.16"]
[Round "2"]
[White "Fusikk"]
[Black "zverr1"]
[Result "1-0"]
[WhiteElo "2707"]
[BlackElo "2466"]
[TimeControl "180+1"]
[EndTime "10:20:16 PST"]
[Termination "Fusikk won by resignation"]

1. e4 e6 2. d4 d5 3. Nd2 c5 4. Ngf3 Nc6 5. exd5 exd5 6. Bb5 Qe7+ 7. Qe2 Qxe2+ 8.
Kxe2 a6 9. Bxc6+ bxc6 10. dxc5 Bxc5 11. Nb3 Bd6 12. Re1 a5 13. Kf1+ Kd7 14. Be3 Ba6+ 15. Kg1 Nf6 16. Nxa5 Ne4 17. Nd4 c5 18. Nf5 Be5 19.
f3 Bxb2 20. Rab1 Bc3 21. Red1 Bxa5 22. Rxd5+ Ke6 23. fxe4 Bc4 24. Rxc5 Bxa2 25. Rb7 Kf6 26. c4 Rhc8 27. Rxc8 Rxc8 28. Nd6 Ra8 29. Rxf7+ Ke6 30. c5 Bc3 31. Rf1 Be5 32. Nf5 Bc4 33. Rc1 Bd3 34.
Nd4+ Bxd4 35. Bxd4 Bxe4 36. c6 Rc8 37. c7 Kd7 38. Bb6 g6 39. Re1 Bf5 40. Ba5 Kc6 41. Rd1 Kb5 42. Rd5+ Kc6 43. Rd8 Kb5 44. Rd5+ Kc6 45.
Re5 Kd6 46. Rb5 Kc6 47. Rb8 h5 48. Kf2 Be6 49. Ke3 Bf5 50. Kf4 Kd5 51. h3 Kc6 52.
g4 hxg4 53. hxg4 Bd7 54. Kg5 Kd5 55. Kf4 Kc6 56. g5 Bf5 57. Ke5 Bg4 58. Kf6 Bf5 59.
Rxc8 Bxc8 60. Kxg6 Kb5 61. Be1 Kc6 62. Bg3 Kd7 63. Kf7 Ba6 64. g6 Bc4+ 65. Kf8 1-0

[Event "*** Titled Tuesday Blitz"]
[Site "Chess.com"]
[Date "2021.02.16"]
[Round "2"]
[White "rasmussvane"]
[Black "lagedema"]
[Result "1-0"]
[WhiteElo "2916"]
[BlackElo "2562"]
[TimeControl "180+1"]
[EndTime "10:20:17 PST"]
[Termination "rasmussvane won by resignation"]

1. Nf3 d5 2. g3 Nf6 3. Bg2 c6 4. O-O Bf5 5. c4 e6 6. Qb3 Qb6 7. d3 Nbd7 8. cxd5 exd5 9. Qc2 Be7 10. Nc3 O-O 11. e4 dxe4 12. dxe4 Bg6 13. Be3 Qc7 14. Nh4 Rfe8 15. h3 Bc5 16. Bf4 Qa5 17. a3 Bd4 18. Nxg6 hxg6 19. Ne2 Bb6 20. Rad1 Ne5 21.
Kh1 Nh5 22. Bc1 Rad8 23. f4 Nd7 24. e5 g5 25. Bf3 Nxg3+ 26. Nxg3 gxf4 27. Nh5 Nxe5 28. Qg2 Ng6 29. Rxd8 Rxd8 30. Nxf4 Nh4 31. Qg4 Nxf3 32. Qxf3 Qf5 33. Kg2 Rd6 34. Re1 Qc2+ 35. Qe2 Qf5 36. Qe8+ Kh7 37. Qe4 Qxe4+ 38. Rxe4 Rd1 39. Be3 Rb1 40. Bxb6 axb6 41. Nd3 Kg6 42. Re7 Rd1 43. Nf2 Rd2 44. b4 c5 45. Rxb7 cxb4 46.
Rxb6+ f6 47. axb4 Rb2 48. b5 Kf5 49. Rb7 g5 50. Kf3 Rb3+ 51. Ke2 Kf4 52. b6 f5 53. Rb8 Rb2+ 54. Ke1 Kf3 55. Nd3 Rb3 56. Kd2 Kg3 57.
b7 g4 58. hxg4 fxg4 59. Nc5 Rb2+ 60. Kc3 Rb5 61. Kc4 Rb1 62. Rg8 Kh3 63. b8=Q Rxb8 64. Rxb8 g3 65. Nd3 g2 66. Nf4+ Kg3 67. Nxg2 1-0

[Event "*** Titled Tuesday Blitz"]
[Site "Chess.com"]
[Date "2021.02.16"]
[Round "2"]
[White "joppie2"]
[Black "aa175"]
[Result "0-1"]
[WhiteElo "2976"]
[BlackElo "2606"]
[TimeControl "180+1"]
[EndTime "10:20:18 PST"]
[Termination "aa175 won on time"]

1. Nf3 Nf6 2. b3 d5 3. Bb2 Bf5 4. Nh4 Bg6 5. g3 e6 6. Bg2 Be7 7. d3 Bh5 8. h3 O-O 9. Nd2 c5 10. g4 Ne8 11. Nhf3 Bg6 12. h4 h6 13. e3 Nc6 14. Qe2 Bf6 15. Bxf6 Qxf6 16. O-O Nb4 17. a3 Nxc2 18. Ra2 Qc3 19. Rc1 Nd4 20. exd4 Qxc1+ 21. Kh2 cxd4 22. Ne5 Qc7 23. Kg1 Nf6 24. Ndf3 Qc1+ 25.
Bf1 Qf4 26. g5 hxg5 27. hxg5 Ng4 28. Nxg6 fxg6 29. Qxe6+ Kh7 30. Be2 Rae8 31. Qxd5 Rxe2 32. Rxe2 Qxf3 33. Qe4 Qxe4 34. Rxe4 Nxf2 35. Rxd4 Nh3+ 36. Kg2 Nxg5 37. Rd5 Ne6 38. Rd7 Nc5 39. Rc7 b6 40. b4 Nxd3 41. Rxa7 Rf6 42. Kg3 g5 43. Rd7 Ne5 44.
Rd5 Rf3+ 45. Kg2 Rf5 46. Rb5 Kg6 47. Rxb6+ Kh5 48. a4 Kg4 49. a5 Nc4 50. Re6 Re5 51.
Rxe5 Nxe5 52. b5 Nc4 53. a6 Nb6 54. Kf2 Kf4 55. a7 g4 56. Kg2 g3 57. Kh3 g5 58.
Kg2 g4 59. Kg1 Kf3 60. Kf1 g2+ 61. Kg1 Na8 0-1

[Event "*** Titled Tuesday Blitz"]
[Site "Chess.com"]
[Date "2021.02.16"]
[Round "2"]
[White "Arseniy_Nesterov"]
[Black "bsnsun"]
[Result "1-0"]
[WhiteElo "2801"]
[BlackElo "2447"]
[TimeControl "180+1"]
[EndTime "10:20:18 PST"]
[Termination "Arseniy_Nesterov won by resignation"]

1. d4 d5 2. c4 e6 3. Nf3 Nf6 4. Nc3 dxc4 5. e4 Bb4 6. Bxc4 Nxe4 7. O-O Nf6 8. Qa4+ Nc6 9. Bg5 Be7 10. Bxf6 Bxf6 11. d5 exd5 12. Rfe1+ Be6 13. Bxd5 O-O 14. Bxe6 fxe6 15. Rad1 Qe8 16. Qb3 Kh8 17. Qxb7 Rb8 18. Qxc7 Rxb2 19. Ne4 Bd8 20. Qd7 Qxd7 21. Rxd7 Bb6 22.
Rd2 Rxd2 23. Nexd2 Nd4 24. Nxd4 Bxd4 25. Nf3 e5 26. h4 h6 27. Re4 Rc8 28. Nxd4 exd4 29.
Rxd4 Rc1+ 30. Kh2 Rc2 31. Ra4 Rxf2 32. Rxa7 Kh7 33. Kg3 Rb2 34. a4 Ra2 35. a5 Kg6 36.
a6 Ra3+ 37. Kh2 Kh5 38. g3 Kg6 39. Kh3 h5 40. Ra8 Kh7 41. Kg2 Kg6 42. Kf2 Ra2+ 43. Kf3 Ra3+ 44. Kf4 Ra4+ 45. Ke5 Ra5+ 46. Kd6 Rf5 47. Re8 Ra5 48. Re6+ Kh7 49. Kc7 Rc5+ 50. Rc6 Ra5 51. Kb7 Rb5+ 52. Rb6 Ra5 53. a7 Ra3 54. a8=Q Rxa8 55. Kxa8 g6 56. Kb7 Kh6 57.
Kc7 Kg7 58. Kd7 Kf7 59. Rc6 Kg7 60. Ke7 Kh7 61. Kf7 Kh6 62. Rxg6+ Kh7 63. Rf6 1-0

[Event "*** Titled Tuesday Blitz"]
[Site "Chess.com"]
[Date "2021.02.16"]
[Round "2"]
[White "andrewtnb"]
[Black "ketster"]
[Result "1-0"]
[WhiteElo "2305"]
[BlackElo "2457"]
[TimeControl "180+1"]
[EndTime "10:20:18 PST"]
[Termination "andrewtnb won on time"]

1. d4 Nf6 2. Nf3 d5 3. c4 e6 4. Nc3 dxc4 5. e3 a6 6. Bxc4 b5 7. Be2 Bb7 8. O-O Nbd7 9. a4 b4 10. Nb1 c5 11. Nbd2 Be7 12. Nc4 O-O 13. Nfe5 Nxe5 14. dxe5 Nd5 15. a5 Qc7 16. e4 Rad8 17. exd5 exd5 18. Nd6 Bxd6 19. exd6 Qxd6 20. Bf3 Qc7 21. Bg5 f6 22. Bh4 Qe5 23. Qc2 c4 24. Rfe1 Qc7 25. Bg3 Qc5 26. Re6 Bc8 27. Rb6 Rfe8 28.
Qa4 b3 29. Rc1 Qd4 30. Qc6 Qd2 31. Rf1 Bf5 32. h3 Be4 33. Bxe4 Rxe4 34. Rxa6 Qxb2 35.
Ra8 Ree8 36. Rxd8 Rxd8 37. Bc7 Rc8 38. Qxd5+ Kh8 39. Qxc4 Qa2 40. a6 Qa3 41. Rb1 b2 42. Qe6 Rf8 43. Bf4 Qa1 44. Qe1 Qxa6 45. Rxb2 h6 46. Re2 Qd3 47. Bg3 Kh7 48. Re3 Qg6 49.
Qe2 f5 50. Bf4 Qf6 51. Kh2 Rf7 52. Be5 Qg6 53. Bf4 Qf6 54. Re6 Qd4 55. Qe5 Qd3 56.
Qe3 Qc4 57. Re8 Qd5 58. h4 Qc4 59. h5 Qd5 60. Rb8 Qc6 61. Qe8 1-0

[Event "*** Titled Tuesday Blitz"]
[Site "Chess.com"]
[Date "2021.02.16"]
[Round "2"]
[White "MFBerna"]
[Black "DenLaz"]
[Result "0-1"]
[WhiteElo "2501"]
[BlackElo "2782"]
[TimeControl "180+1"]
[EndTime "10:20:19 PST"]
[Termination "DenLaz won on time"]

1. d4 d5 2. Nc3 Nf6 3. Bf4 a6 4. e3 e6 5. Bd3 b5 6. Nf3 c5 7. a3 Bb7 8. O-O Nbd7 9. Ne5 Be7 10. Qf3 Nxe5 11. Bxe5 O-O 12. dxc5 Bxc5 13. Rad1 h6 14. e4 d4 15. Ne2 Nd7 16. Bg3 e5 17. Qh5 Qg5 18. Qxg5 hxg5 19. c3 dxc3 20. Nxc3 Rfd8 21. Bb1 Bd4 22. Rd2 Nc5 23. Rfd1 Re8 24. Nd5 Bxd5 25. exd5 Rad8 26. Ba2 Na4 27. Rc1 Nxb2 28. Rc7 Nc4 29. Bxc4 bxc4 30. Rxc4 Rxd5 31. Kf1 Rb8 32. Ke2 Rb3 33. a4 f6 34. Rc6 a5 35. Rc4 Rb4 36. Rdc2 Kf7 37. f3 Rd7 38. Be1 Rxc4 39. Rxc4 Rb7 40. Bxa5 Rb2+ 41. Bd2 Ra2 42. g4 Ke6 43.
Kd3 Kd5 44. Rb4 Ra3+ 45. Ke2 e4 46. Rb5+ Kc4 47. fxe4 Rxa4 48. Rb7 Ra3 49. Rc7+ Kb5 50. Rxg7 Rh3 51. Rd7 Rxh2+ 52. Kd3 Be5 53. Rd5+ Kc6 54. Bxg5 Rh3+ 55. Kc4 Rg3 56. Bxf6 Bxf6 57. Rf5 Be7 58. Rf4 Kd6 59. Kd4 Ke6 0-1

[Event "*** Titled Tuesday Blitz"]
[Site "Chess.com"]
[Date "2021.02.16"]
[Round "2"]
[White "ajedrez1101"]
[Black "Logman74"]
[Result "1-0"]
[WhiteElo "2112"]
[BlackElo "2380"]
[TimeControl "180+1"]
[EndTime "10:20:20 PST"]
[Termination "ajedrez1101 won on time"]

1. d4 Nf6 2. Bf4 d6 3. Nc3 g6 4. e4 Bg7 5. Qd2 O-O 6. O-O-O c6 7. Bh6 b5 8. f3 Nbd7 9. h4 Nb6 10. h5 b4 11. Nb1 Be6 12. g4 Bh8 13. Bxf8 Qxf8 14.
hxg6 fxg6 15. Qxb4 Rb8 16. Qa5 Bc4 17. b3 Bxf1 18.
Rxf1 Nxe4 19. Nh3 Ng3 20. Qd2 Nxf1 21. Rxf1 Nd5 22. c4 Nb4 23. Nc3 c5 24. Ne2 cxd4 25.
Nxd4 Qf6 26. Rd1 a5 27. Kb1 a4 28. Ng5 axb3 29. axb3 Nc6 30. Nge6 Nxd4 31. Nxd4 e5 32. Nb5 Bg7 33. Qd5+ Kh8 34. Qxd6 Qxd6 35. Rxd6 h5 36. gxh5 gxh5 37. Rd1 h4 38. Rh1 Bf6 39. Nd6 Rxb3+ 40.
Kc2 Rxf3 41. Ne4 Be7 42. c5 h3 43. c6 Bd8 44. Ng5 Rf2+ 45. Kd3 Rf8 46. Ne4 Rf3+ 47. Kc4 Bc7 48. Kd5 Kh7 49. Ng5+ Kg6 50. Nxf3 Kf5 51. Nxe5 Bxe5 52. Rxh3 Bf4 53. Rc3 Kg4 54. c7 Bxc7 55.
Rxc7 Kf5 56. Rf7+ Kg6 57. Ke6 Kh6 58. Kf6 Kh5 59. Rg7 1-0

[Event "*** Titled Tuesday Blitz"]
[Site "Chess.com"]
[Date "2021.02.16"]
[Round "2"]
[White "PowerThinking2650"]
[Black "JuliaEfremova"]
[Result "1/2-1/2"]
[WhiteElo "2429"]
[BlackElo "2214"]
[TimeControl "180+1"]
[EndTime "10:20:24 PST"]
[Termination "Game drawn by agreement"]

1. e4 d5 2. exd5 Qxd5 3. Nc3 Qa5 4. d4 Nf6 5. Nf3 Bg4 6. Bc4 Nc6 7. h3 Qh5 8. Be2 O-O-O 9. Bf4 e5 10. Nxe5 Bxe2 11. Nxe2 Nxe5 12. Bxe5 Bd6 13. Bxd6 Rxd6 14. O-O Rhd8 15.
c3 g5 16. Ng3 Qxd1 17. Raxd1 h5 18. Rfe1 h4 19. Nf5 R6d7 20. Re5 Nh7 21. Rde1 b6 22. Re7 f6 23. f3 Nf8 24. Rxd7 Nxd7 25. Re7 Kb7 26.
Kf2 Kc6 27. c4 b5 28. Re6+ Kb7 29. cxb5 Nb6 30. Rxf6 Nc4 31. b3 Na3 32. Rg6 Nxb5 33. Rxg5 Nc3 34. Nxh4 Nxa2 35. Nf5 Nc1 36. h4 Nxb3 37.
h5 a5 38. h6 a4 39. h7 Rh8 40. Rh5 a3 41. Ne3 Nxd4 42. Rh1 Ka6 43. Ra1 Nb5 44. Nc4 Rxh7 45. Nxa3 Nxa3 46. Rxa3+ Kb5 47. Rb3+ Kc4 48. Rb7 Kd5 49. g4 Kc6 50. Rb8 Kd5 51. Kg3 c5 52. f4 Rc7 53. Rd8+ Ke6 54. Rd1 c4 55. f5+ Ke5 56. Re1+ Kf6 57. Kf4 c3 58. g5+ Kf7 59. Rc1 Rc5 60. Ke4 Ke7 61. Rc2 Kf7 62. g6+ Kf6 63. Kd4 Rxf5 64. Rxc3 Rf4+ 65. Ke3 1/2-1/2

[Event "*** Titled Tuesday Blitz"]
[Site "Chess.com"]
[Date "2021.02.16"]
[Round "2"]
[White "Aygehovit1992"]
[Black "Nemsko"]
[Result "1/2-1/2"]
[WhiteElo "2592"]
[BlackElo "2340"]
[TimeControl "180+1"]
[EndTime "10:20:25 PST"]
[Termination "Game drawn by repetition"]

1. e4 e5 2. Nf3 Nc6 3. Bb5 a6 4. Ba4 Nf6 5. d3 b5 6. Bb3 Be7 7. Nc3 O-O 8. O-O d6 9. a3 Bg4 10. Be3 Qd7 11. h3 Bh5 12. Nd5 Nxd5 13. exd5 Nd4 14.
Nxe5 dxe5 15. Qxh5 Nxb3 16. cxb3 Qxd5 17. d4 Bf6 18. dxe5 Bxe5 19. Kh1 Rad8 20. Rad1 Qe6 21. Bc5 Rfe8 22. Rxd8 Rxd8 23. Re1 f6 24. f4 Qc6 25. fxe5 Qxc5 26. Qh4 Rd4 27. Qg3 fxe5 28. Rxe5 Qc1+ 29.
Kh2 Qf4 30. Qxf4 Rxf4 31. Rc5 Rf7 32. Kg3 Rd7 33. Kf4 Kf7 34. g4 Ke6 35. Rc6+ Rd6 36. Rxc7 Kf6 37. h4 Rd4+ 38. Kf3 Rd3+ 39. Ke4 Rxb3 40.
Rc6+ Kf7 41. Rxa6 Rxb2 42. Kd5 Rg2 43. g5 Rg4 44. Rb6 Rxh4 45. Rxb5 Ra4 46. Rb3 Ra5+ 47. Kc6 Rxg5 48. Kb6 h5 49. a4 h4 50. a5 Rg3 51. Rb4 h3 52. a6 g5 53. a7 Ra3 54.
Rb5 Rxa7 55. Kxa7 g4 56. Rh5 Kg6 57. Rh8 Kg5 58. Kb6 Kf4 59. Kc5 g3 60. Rxh3 g2 61.
Rh4+ Kf3 62. Rh3+ Kf4 63. Rh4+ Kf5 64. Rh5+ Kf4 65. Rh4+ 1/2-1/2

[Event "*** Titled Tuesday Blitz"]
[Site "Chess.com"]
[Date "2021.02.16"]
[Round "2"]
[White "JiiHart"]
[Black "BursaBBSatranc"]
[Result "0-1"]
[WhiteElo "2110"]
[BlackElo "2605"]
[TimeControl "180+1"]
[EndTime "10:20:28 PST"]
[Termination "BursaBBSatranc won on time"]

1. e4 e5 2. Nf3 Nf6 3. d4 Nxe4 4. Nxe5 d5 5. Bd3 Nd7 6. O-O Nxe5 7. dxe5 Nc5 8. f4 Nxd3 9. cxd3 h5 10. f5 g6 11. e6 gxf5 12. exf7+ Kxf7 13. Nc3 Bd6 14. Qf3 c6 15. Ne2 Qh4 16. g3 Qg4 17. Qxg4 hxg4 18. Bf4 Bc5+ 19. d4 Be7 20. Be5 Re8 21. Nf4 Bg5 22. Rae1 Bd7 23. h4 Bxf4 24. Bxf4 Re4 25. Rxe4 dxe4 26. Kf2 Be6 27. b3 Rd8 28. Be5 c5 29. Ke3 cxd4+ 30. Bxd4 Kg6 31. Rc1 Rd7 32. Rc5 Bd5 33. Rc8 Be6 34. Rh8 Rc7 35. h5+ Kg5 36.
h6 Rc1 37. h7 Kg6 38. Rg8+ Kxh7 39. Rg7+ Kh6 40. Re7 Bg8 41. Be5 Re1+ 42. Kd4 Rd1+ 43. Kc3 Rd3+ 44. Kc2 Rf3 45. Bf4+ Rxf4 46. gxf4 g3 47. Rd7 Kh5 48. Rd1 Kg4 49. Rf1 g2 50. Rg1 Kf3 51. Kd2 Kf2 52. Rxg2+ Kxg2 53. Ke3 Bh7 54. b4 Bg6 55. a4 a6 56. Kd4 Kf3 57. Ke5 e3 58. b5 e2 59. Kf6 e1=Q 60. Kxg6 axb5 61. Kxf5 Qe4+ 62. Kg5 bxa4 63. f5 a3 64. f6 a2 65. f7 Qf4+ 66. Kg6 a1=Q 67. f8=Q Qxf8 0-1

[Event "*** Titled Tuesday Blitz"]
[Site "Chess.com"]
[Date "2021.02.16"]
[Round "2"]
[White "WPWPWP-2015"]
[Black "1977Ivan"]
[Result "0-1"]
[WhiteElo "2487"]
[BlackElo "2737"]
[TimeControl "180+1"]
[EndTime "10:20:30 PST"]
[Termination "1977Ivan won on time"]

1. e4 c5 2. Nf3 e6 3. b3 Nc6 4. Bb2 d5 5. exd5 exd5 6. d4 Nf6 7. h3 Bd6 8. dxc5 Bxc5 9. Bd3 O-O 10. O-O Ne4 11.
Nbd2 Bf5 12. a3 Re8 13. b4 Bb6 14. b5 Na5 15. Nd4 Bg6 16. a4 Qf6 17. N2f3 Nc4 18. Bxc4 dxc4 19. a5 Bc5 20. c3 h6 21. Qc1 Ng5 22.
Nxg5 hxg5 23. Ba3 Bxd4 24. cxd4 Bd3 25. Re1 Rxe1+ 26. Qxe1 Qxd4 27. Bb4 Qd7 28. Qe3 Qxb5 29.
Bc3 Re8 30. Qd4 f6 31. Re1 Rxe1+ 32. Bxe1 Qb1 33. Qc3 Qd1 34. f3 Qe2 35. Qd2 Qxd2 36. Bxd2 b6 37. axb6 axb6 38. Kf2 Kf7 39. g3 Ke6 40.
Ke3 Kd5 41. Bb4 Kc6 42. Kd4 Kb5 43. Kc3 Ka4 44. f4 gxf4 45. gxf4 Kb5 46. Bf8 g6 47. Be7 f5 48. h4 Kc6 49. Bf8 Kd5 50.
Be7 Bf1 51. Bd8 b5 52. Be7 Ke4 53. Bd6 Kf3 54. Kd4 Kg4 55. Kc3 Kxh4 56. Be7+ Kg4 57. Bg5 Kf3 58. Bh6 Ke3 59. Bg5 b4+ 60. Kxb4 Kd3 61.
Bf6 Bg2 62. Bg7 Be4 63. Bf6 g5 64. fxg5 f4 65. Bc3 f3 66. Be1 Bg6 67.
Bg3 Bf7 0-1

[Event "*** Titled Tuesday Blitz"]
[Site "Chess.com"]
[Date "2021.02.16"]
[Round "2"]
[White "ybruned"]
[Black "josiwales"]
[Result "0-1"]
[WhiteElo "2319"]
[BlackElo "2637"]
[TimeControl "180+1"]
[EndTime "10:20:31 PST"]
[Termination "josiwales won by resignation"]

1. b3 e5 2. Bb2 d6 3. e3 Nc6 4. d4 exd4 5. exd4 Nf6 6. Nf3 Be7 7.
Be2 O-O 8. O-O Bg4 9. d5 Bxf3 10. Bxf3 Ne5 11. c4 Nfd7 12. Nd2 Bf6 13. Qc2 Nc5 14. Be4 g6 15. b4 Nxe4 16. Nxe4 Bg7 17. f4 Ng4 18. Bxg7 Kxg7 19. Qb2+ f6 20. Rae1 Qd7 21. h3 Nh6 22. Ng5 Rfe8 23. Ne6+ Kf7 24. g4 c6 25. g5 Ng8 26. f5 cxd5 27. cxd5 gxf5 28. Rxf5 Rac8 29.
gxf6 Nh6 30. Rf2 Rg8+ 31. Kh2 Rg6 32. Qd2 Kg8 33. Ref1 Nf7 34. Nd4 Re8 35. Nf5 Rxf6 36. Ne7+ Qxe7 37. Rxf6 Qe5+ 38. Kh1 Re7 39. Qg2+ Kf8 40.
R6f5 Qe3 41. Qf3 Qxf3+ 42. R1xf3 Ke8 43. Rf1 Ne5 44. Rf8+ Kd7 45. Ra8 a6 46. Rff8 Kc7 47. Rac8+ Kb6 48. a4 Nd3 49. Rfd8 Nxb4 50. Rxd6+ Ka5 51.
Rdd8 Kxa4 52. d6 Re1+ 53. Kg2 Rd1 54. d7 Nc6 55. Rh8 Rxd7 56. Rhf8 Rd2+ 57. Kg3 Rc2 58. Rf7 b5 59. Rfc7 Rc3+ 60. Kg4 Ne5+ 61. Kf4 Rxc7 62. Rxc7 Nc4 63. Rxh7 b4 64. Rb7 b3 65. h4 Na5 66. Rb8 Nc6 67. Rb6 Nb4 68. Re6 b2 69. Re1 Nd3+ 70. Kg5 Nxe1 71. h5 b1=Q 0-1

[Event "*** Titled Tuesday Blitz"]
[Site "Chess.com"]
[Date "2021.02.16"]
[Round "2"]
[White "NikolaN98"]
[Black "kayrakamer"]
[Result "0-1"]
[WhiteElo "2470"]
[BlackElo "2710"]
[TimeControl "180+1"]
[EndTime "10:20:32 PST"]
[Termination "kayrakamer won on time"]

1. f4 g6 2. Nf3 Bg7 3. d3 d6 4.
e4 c5 5. Nc3 Nc6 6. Be2 Rb8 7.
O-O b5 8. a4 b4 9. Nd5 e6 10.
Ne3 Nge7 11. Kh1 O-O 12. Qe1 f5 13. Qh4 Nd4 14. Bd1 Nec6 15. Qg3 Nxf3 16. Bxf3 Nd4 17. exf5 gxf5 18. Bd1 Bd7 19. Bd2 Kh8 20. Qh3 Bc6 21.
Be1 Bf6 22. Ra2 b3 23. cxb3 Nxb3 24. Bc3 Nd4 25. a5 Rg8 26. Ba4 Ba8 27. Rf2 Qe7 28. Ra1 Qg7 29. Re1 Qf8 30. Kg1 Rg6 31. Kf1 Rh6 32.
Qg3 Qf7 33. h3 Bh4 34. Qh2 Bxf2 35. Kxf2 Rg8 36. Rg1 Qb7 37. Bd1 Qg7 38. Nc4 Rd8 39. Ne3 Kg8 40. g4 fxg4 41. Bxg4 Rg6 42. Bxe6+ Kh8 43.
Bg4 Rf8 44. f5 Rgf6 45. Qf4 Qb7 46. Ke1 Qe7 47. Kd2 Re8 48. Rg3 Ref8 49. h4 Nb3+ 50. Kc2 Nd4+ 51. Kd2 Qb7 52. h5 Qh1 53. Rg2 Qb1 54.
Rg3 Nb3+ 55. Ke2 Nc1+ 56. Kf2 Nxd3+ 57. Ke2 Nxf4+ 58. Kd2 Qd3+ 59. Kc1 Ne2+ 60. Bxe2 Qxe2 61. h6 d5 62. Ng4 d4 63. Nxf6 Rxf6 64. Bd2 Qf1+ 65.
Kc2 Qxf5+ 66. Kc1 Rf8 0-1

[Event "*** Titled Tuesday Blitz"]
[Site "Chess.com"]
[Date "2021.02.16"]
[Round "2"]
[White "AlexTriapishko"]
[Black "Mikhail_Golubev"]
[Result "0-1"]
[WhiteElo "2825"]
[BlackElo "2532"]
[TimeControl "180+1"]
[EndTime "10:20:39 PST"]
[Termination "Mikhail_Golubev won by checkmate"]

1. d4 Nf6 2. c4 g6 3. Nc3 Bg7 4. e4 d6 5. Nf3 O-O 6. Be2 e5 7. dxe5 dxe5 8. Qxd8 Rxd8 9. Bg5 c6 10. Nxe5 Re8 11.
O-O-O Na6 12. Rd6 Be6 13. f4 h6 14. Bh4 g5 15. fxg5 hxg5 16. Bxg5 Nc5 17. Bf3 Nfxe4 18.
Nxe4 Nxe4 19. Bxe4 Bxe5 20. Rd2 Bxc4 21. Bb1 Bd5 22.
h4 Kg7 23. h5 f6 24. h6+ Kh8 25. Bh4 Rg8 26. Re1 Raf8 27. Be4 Bf4 28. Bxd5 cxd5 29.
g3 Bxd2+ 30. Kxd2 Rf7 31. Re6 Rg6 32. Rd6 Kh7 33. Rxd5 Kxh6 34. Kc3 Kg7 35. Kb3 Re7 36. a4 b6 37. a5 bxa5 38. Rxa5 Rb7+ 39. Ka2 Kf7 40. Ra6 Ke7 41. Ra5 Rh6 42. Ra6 Kf7 43.
Ra5 Kg7 44. Ra6 Rf7 45. Ra5 Rh8 46. b4 Rb8 47. Ka3 Rfb7 48. Ra6 Rxb4 49. Bxf6+ Kf7 50. Ka2 R8b6 51. Rxb6 axb6 52. Be5 Re4 53. Bf4 Ke6 54. Kb3 Kd5 55. Kc3 b5 56. Kb3 Kc5 57. Bh6 b4 58. Bf8+ Kb5 59. Bh6 Rd4 60. Bf4 Rd3+ 61.
Kc2 Kc4 62. Be5 b3+ 63. Kc1 Re3 64. Bf4 Re2 65. g4 b2+ 66. Kb1 Kb3 67. Bg3 Rg2 68.
Be1 Rg1 69. g5 Rxe1# 0-1

[Event "*** Titled Tuesday Blitz"]
[Site "Chess.com"]
[Date "2021.02.16"]
[Round "2"]
[White "Euge_chess"]
[Black "c_r_e_e_p_e_r"]
[Result "0-1"]
[WhiteElo "2105"]
[BlackElo "2398"]
[TimeControl "180+1"]
[EndTime "10:20:39 PST"]
[Termination "c_r_e_e_p_e_r won on time"]

1. e4 c5 2. c3 d5 3. exd5 Qxd5 4. d4 Nf6 5. Nf3 Bg4 6. Be2 e6 7. O-O Nc6 8. Be3 cxd4 9. cxd4 Be7 10. Nc3 Qd6 11. Nb5 Qd8 12. Ne5 Bxe2 13. Qxe2 O-O 14.
Rac1 Nb4 15. a3 Nbd5 16. Rfd1 a6 17. Nc3 Qd6 18. Nc4 Qd8 19. Bg5 h6 20. Bh4 Rc8 21. Bxf6 Nxf6 22. Ne4 Nd5 23. Ne5 Bf6 24. Rxc8 Qxc8 25.
Nc5 Bxe5 26. Qxe5 b6 27. Nd3 Qc2 28. Qe1 Rd8 29. Rd2 Qb3 30. Ne5 Nf4 31. g3 Nd5 32.
Qe4 Rc8 33. Kg2 Rc1 34. Qf3 Qxf3+ 35. Kxf3 Kf8 36. h4 Ke7 37. Nd3 Rc4 38. Ne5 Rc7 39. g4 g6 40. Kg3 g5 41. h5 Nf4 42. Nd3 Nd5 43. Ne5 Kd6 44. Kg2 Nf4+ 45. Kg3 f6 46.
Nd3 Nxd3 47. Rxd3 Rc2 48. b4 Kd5 49. f3 Kc4 50. Re3 Kxd4 51. Rxe6 Rc3 52. Rxf6 Rxa3 53. Rxb6 Kc4 54. Rxh6 Kxb4 55. Rg6 Ra5 56. h6 Ra1 57. h7 Rh1 58. Rxg5 Rxh7 59. Rg6 a5 60. g5 Ra7 61. Rb6+ Kc5 62. Rb1 a4 63. f4 a3 64. Ra1 a2 65.
f5 Kd5 66. Kg4 Ke5 67. g6 Kf6 68. Kf4 Ra4+ 69. Kg3 Kxf5 0-1

[Event "*** Titled Tuesday Blitz"]
[Site "Chess.com"]
[Date "2021.02.16"]
[Round "2"]
[White "Kaua18"]
[Black "DenisQ"]
[Result "0-1"]
[WhiteElo "2369"]
[BlackElo "2661"]
[TimeControl "180+1"]
[EndTime "10:20:41 PST"]
[Termination "DenisQ won on time"]

1. e4 c6 2. d4 d5 3. Nc3 dxe4 4.
Nxe4 Bf5 5. Ng3 Bg6 6. Nf3 e6 7. h4 h6 8. h5 Bh7 9. Bd3 Bxd3 10. Qxd3 Nf6 11. Bd2 c5 12. O-O-O Nc6 13. Bc3 Qd5 14.
Kb1 c4 15. Qe2 b5 16. Ne5 Be7 17. f3 O-O 18. Rhe1 b4 19. Nxc6 Qxc6 20. Bd2 c3 21.
Bc1 cxb2 22. Bxb2 Rfd8 23. Ne4 Rac8 24. g4 Nd5 25. Rd3 Nf4 26. Qd2 Nxd3 27. Qxd3 Qc4 28. Qe2 Qxe2 29. Rxe2 a5 30. f4 a4 31. g5 a3 32. Ba1 hxg5 33. fxg5 Rc4 34. g6 Rcxd4 35. Bxd4 Rxd4 36. c3 bxc3 37. Nxc3 Rh4 38. Re5 Kf8 39. Ra5 fxg6 40. hxg6 Bb4 41. Ra8+ Ke7 42. Nb5 Rh2 43. Nxa3 Rg2 44. Nc4 Rxg6 45. Ne5 Rg1+ 46. Kc2 Kf6 47. Nc6 Bd6 48. Kd3 Rc1 49. Nd4 g5 50. Ne2 Rd1+ 51.
Ke3 Kf5 52. a4 Bc5+ 53. Kf3 g4+ 54. Kg3 Rd3+ 55. Kg2 Rd2 56. Kf1 Ke4 57. Rg8 Kf3 58. Ng1+ Bxg1 59. Kxg1 Ra2 60. a5 Rxa5 61. Rf8+ Kg3 62.
Rf1 Re5 63. Rc1 Re3 64. Kf1 e5 65. Ra1 e4 66. Ra2 Rd3 67. Ra1 Rd2 68. Ra3+ Kf4 69. Rb3 g3 70. Rb8 Ke3 0-1

[Event "*** Titled Tuesday Blitz"]
[Site "Chess.com"]
[Date "2021.02.16"]
[Round "2"]
[White "Er_is_geen_hoop_meer"]
[Black "chesslh19"]
[Result "1-0"]
[WhiteElo "2467"]
[BlackElo "2253"]
[TimeControl "180+1"]
[EndTime "10:20:42 PST"]
[Termination "Er_is_geen_hoop_meer won by resignation"]

1. Nf3 d5 2. d4 Nf6 3. c4 e6 4.
Nc3 Be7 5. Bf4 O-O 6. e3 c5 7. dxc5 Bxc5 8. a3 dxc4 9. Bxc4 Qxd1+ 10. Rxd1 Nc6 11. b4 Be7 12. Ke2 Bd7 13. Ne4 Nxe4 14. Rxd7 g5 15. Bg3 Nxg3+ 16. hxg3 g4 17. Nd2 Rfd8 18. Rxb7 Bf6 19. Ne4 Bg7 20. Ng5 Ne5 21. Ba2 h6 22. Ne4 a5 23. b5 Rac8 24.
Bb1 Nc4 25. a4 Nd6 26. Nxd6 Rxd6 27. Rd1 Rcd8 28. Rxd6 Rxd6 29. Bd3 Be5 30. Ra7 Bc3 31. Ra6 Rd8 32. b6 Rb8 33. Be4 Kf8 34. b7 Ke7 35. Ra8 Be5 36. Rxa5 f5 37. Rxe5 fxe4 38.
Rxe4 Rxb7 39. Rxg4 Rb2+ 40. Kf3 Ra2 41. Rg6 h5 42.
Rh6 Rxa4 43. Rxh5 Kf6 44. Rh4 Ra1 45. Rf4+ Ke7 46. Rh4 Rf1 47. Rh7+ Kf6 48. Rh4 Rg1 49. g4 Kg5 50. Rh5+ Kg6 51. Ra5 Kf6 52. g3 Rf1 53. Kg2 Rb1 54. g5+ Kg6 55. g4 Rc1 56. Kf3 Rg1 57. Kf4 Rf1 58. f3 Rb1 59. Ra6 Rb4+ 60. e4 Kf7 61. g6+ Kf6 62. g5+ Kxg6 63. Rxe6+ Kf7 64.
Re5 Rb1 65. Rd5 Rg1 66. Kf5 Rf1 67. f4 1-0

[Event "*** Titled Tuesday Blitz"]
[Site "Chess.com"]
[Date "2021.02.16"]
[Round "2"]
[White "lider34"]
[Black "Chesswizard_2007"]
[Result "0-1"]
[WhiteElo "2481"]
[BlackElo "2725"]
[TimeControl "180+1"]
[EndTime "10:20:43 PST"]
[Termination "Chesswizard_2007 won by checkmate"]

1. e4 e5 2. Nf3 Nf6 3. Nxe5 Nc6 4. Nf3 Nxe4 5. Qe2 Qe7 6. d3 Nf6 7. Nc3 Qxe2+ 8. Bxe2 Bc5 9. Be3 Bxe3 10. fxe3 d5 11. h3 O-O 12. Kd2 Be6 13. Rae1 h6 14. Nb5 Rac8 15. Rhf1 Bd7 16. Nbd4 Nxd4 17. exd4 Be6 18.
Ne5 c6 19. Bf3 a5 20. Re2 a4 21. a3 Ra8 22. c3 Ra6 23. Rfe1 Rb6 24. Kc2 Ra8 25. g4 Nh7 26. h4 g5 27. hxg5 hxg5 28.
Rh2 Kg7 29. Reh1 Nf6 30. Bd1 Rba6 31. Rf2 Rf8 32. Rfh2 Raa8 33. Kc1 Rg8 34. Rh3 Rh8 35. R3h2 Rxh2 36. Rxh2 Nd7 37. Rh5 f6 38. Nxd7 Bxd7 39.
Rh2 b5 40. Kd2 Kg6 41. Be2 Rf8 42. Rh1 Re8 43. Rh2 Re7 44. Rh1 Rg7 45. Bf3 f5 46.
gxf5+ Bxf5 47. Ke3 Re7+ 48. Kd2 g4 49. Be2 Kg5 50.
Rg1 Rh7 51. Rg2 Rh1 52. Ke3 Rh3+ 53. Kf2 Kf4 54. Rg1 g3+ 55. Kf1 Rh2 56. Ke1 Bh3 57. c4 Rg2 58. Rh1 Bg4 59. Bxg4 Kxg4 60. cxb5 cxb5 61. Rh6 Rxb2 62. Kf1 Kf3 63. Rf6+ Ke3 64. Re6+ Kxd4 65. Rg6 g2+ 66. Rxg2 Rxg2 67. Kxg2 Kxd3 68. Kf3 Kc3 69. Kf4 Kb3 70. Ke5 Kxa3 71. Kxd5 Kb2 72. Kc5 a3 73. Kxb5 a2 74. Kb4 a1=Q 75. Kb5 Qc1 76. Kb6 Qc4 77. Kb7 Qe6 78. Kb8 Qd7 79. Ka8 Kc3 80. Kb8 Kb4 81. Ka8 Kc5 82. Kb8 Kb6 83. Ka8 Qd8# 0-1